 Dungeon Crawl Stone Soup version 0.27.1-34-g3ba077fa99 (webtiles) character file.

Game seed: 13058031498868472217

11 Descartes the Grasshopper (level 2, 0/13 HPs)
             Began as a Felid Warper on Jan 12, 2022.
             Slain by a hobgoblin (5 damage)
             ... on level 1 of the Dungeon.
             The game lasted 00:01:01 (881 turns).

Descartes the Grasshopper (Felid Warper)             Turns: 881, Time: 00:01:02

Health: 0/13       AC:  1    Str:  7    XL:     2   Next: 13%
Magic:  6/6        EV: 18    Int: 14    God:
Gold:   25         SH:  0    Dex: 15    Spells: 5/5 levels left
                                        Lives:  0   Deaths: 0

rFire    + . .     SeeInvis +     - Unarmed
rCold    . . .     Faith    .   (shield unavailable)
rNeg     . . .     Spirit   .   (armour unavailable)
rPois    .         Reflect  .   (helmet unavailable)
rElec    .         Harm     .   (cloak unavailable)
rCorr    .         Rampage  .   (gloves unavailable)
Will     .....                  (boots unavailable)
Stlth    ++........             (no amulet)
HPRegen  0.04/turn              d - ring of protection from fire
MPRegen  0.10/turn              (no ring)

@: quick
A: very small, claws 1, fangs 3, see invisible, speed 1, shaggy fur 1, stealthy
paws, no weapons or thrown items, no armour, multi-lived
a: no special abilities


You were on level 1 of the Dungeon.
You visited 1 branch of the dungeon, and saw 1 of its levels.

You collected 25 gold pieces.

Inventory:

Missiles
 b - 20 stones
Jewellery
 d - a ring of protection from fire (left paw)
 f - an amulet of magic regeneration
Scrolls
 a - a scroll of blinking
 c - a scroll of identify {unknown}
Potions
 e - a potion of resistance {unknown}


   Skills:
 - Level 2.0 Fighting
 + Level 3.4 Dodging
 + Level 1.1 Stealth
 + Level 2.2 Unarmed Combat
 - Level 2.0 Spellcasting
 + Level 4.7 Translocations


You had 5 spell levels left.
You didn't know any spells.
Your spell library contained the following spells:

 Spells                   Type           Power      Damage    Failure   Level
 Blink                    Tloc           N/A        N/A       5%          2
 Gell's Gravitas          Tloc           7%         N/A       11%         3
 Lesser Beckoning         Tloc           7%         N/A       11%         3
 Teleport Other           Tloc           14%        N/A       11%         3
 Manifold Assault         Tloc           14%        N/A       67%         5


Dungeon Overview and Level Annotations

Branches:
Dungeon (1/15)

Altars:


Innate Abilities, Weirdness & Mutations

You have sharp claws.
You have razor-sharp teeth.
You have supernaturally acute eyesight. (SInv)
You cover ground quickly. (Speed+)
You are covered in fur. (AC +1)
Your paws help you pounce on unaware monsters.
You are incapable of wielding weapons or throwing items.
You cannot wear armour.
You gain extra lives every three experience levels.


Message History

Found 4 gold pieces.
A goblin comes into view. It is wielding a +0 dagger.
The goblin shouts!
You hear a shout!
A hobgoblin comes into view.
Found 12 gold pieces.
The hobgoblin shouts!
The goblin closely misses you.
You scratch the goblin. You bite the goblin.
You kill the goblin!
Things that are here:
a +0 dagger; a goblin corpse The hobgoblin hits you.
You closely miss the hobgoblin. The hobgoblin hits you.
You are too injured to fight recklessly!
You are too injured to fight recklessly!
You are too injured to fight recklessly!
You are too injured to fight recklessly!
You are too injured to fight recklessly!
You are too injured to fight recklessly!
You are too injured to fight recklessly!
You are too injured to fight recklessly!
You are too injured to fight recklessly!
You are too injured to fight recklessly!
You are too injured to fight recklessly!
You are too injured to fight recklessly!
You are too injured to fight recklessly!
You are too injured to fight recklessly!
You are too injured to fight recklessly!
You are too injured to fight recklessly!
You see here an amulet of magic regeneration.
f - an amulet of magic regeneration The hobgoblin misses you.
You closely miss the hobgoblin. You scratch the hobgoblin.
The hobgoblin is almost dead.
The hobgoblin misses you.
You scratch the hobgoblin but do no damage.
The hobgoblin is almost dead.
The hobgoblin hits you.
You die...

.........##..........# ....
.........#........##.# #..
.........#........##.# #####..
.#######.#...........# #.....) .#
#.#.....####..# #...... .#
#.#.....# #..######...... ##
#.#.....# #......##......
########.###.#.####.####.##....#.
................@g...............
##.......#...#####.....#.........
.#.#######.............#.#######.
.#.# ###########.############ #
...####......................###
.####....#.####)####.####.##...##
.# #..###...##...##...##...###..#
.# #.## #.⌠.##.⌠.##.⌠.##.⌠.# ##÷#
.# #.####...##...##...##...####.#


You could see a hobgoblin.

Vanquished Creatures
  A giant cockroach (D:1)
  3 jackals (D:1)
  A quokka (D:1)
  3 goblins (D:1)
  2 rats (D:1)
10 creatures vanquished.

Vanquished Creatures (others)
  A ball python (D:1)
1 creature vanquished.

Grand Total: 11 creatures vanquished

Notes
Turn   | Place    | Note
-------+----------+-------------------------------------------
     0 | D:1      | Descartes the Felid Warper began the quest for the Orb.
     0 | D:1      | Reached XP level 1. HP: 9/9 MP: 4/4
   589 | D:1      | Reached skill level 1 in Stealth
   589 | D:1      | Reached XP level 2. HP: 10/13 MP: 6/6
   881 | D:1      | Slain by a hobgoblin

Illustrated notes

Levels and vault maps discovered:
D:1:      dpeg_arrival_chambers_temple_mockup, layout_basic, lemuel_old_faithful

Skill      XL: |  1 |
---------------+----+-----
Stealth        | 1 |  1.1
Fighting       | |  2.0
Dodging        | |  3.4
Unarmed Combat | |  2.2
Spellcasting   | |  2.0
Translocations | |  4.7

Action                   || total
-------------------------++-------
Melee: Unarmed           ||    41
       Bite              ||     3
       Punch             ||     1
 Stab: Sleeping          ||     1
Armor: Skin              ||     3
Dodge: Dodged            ||    33
